 Dungeon Crawl Stone Soup version 0.29.1-15-g9cfb28693d (webtiles) character file.

Game seed: 13854897043420811118

8 vishdafish the Conjurer (level 2, 19/19 HPs)
             Began as a Demonspawn Conjurer on Mar 29, 2023.
             Quit the game on level 1 of the Dungeon.
             The game lasted 00:00:51 (326 turns).

vishdafish the Conjurer (Demonspawn Conjurer)        Turns: 326, Time: 00:00:52

Health: 19/19      AC:  2    Str:  7    XL:     2   Next: 0%
Magic:  5/5        EV: 12    Int: 19    God:
Gold:   0          SH:  0    Dex: 11    Spells: 4/5 levels left

rFire   . . .      SeeInvis .   (no weapon)
rCold   . . .      Faith    .   (no shield)
rNeg    . . .      Spirit   .   a - +0 robe
rPois   .          Reflect  .   (no helmet)
rElec   .          Harm     .   (no cloak)
rCorr   .          Rampage  .   (no gloves)
Will    .....                   (no boots)
Stlth   ++........              (no amulet)
HPRegen 0.06/turn               (no ring)
MPRegen 0.09/turn               (no ring)

@: no status effects
A: ignite blood 1
a: no special abilities


You were on level 1 of the Dungeon.
You visited 1 branch of the dungeon, and saw 1 of its levels.

Inventory:

Armour
 a - a +0 robe (worn)
Scrolls
 b - a scroll of vulnerability {unknown}
 c - a scroll of immolation {unknown}


   Skills:
 - Level 1.9 Dodging
 - Level 2.0 Stealth
 + Level 2.2 Spellcasting
 + Level 4.1 Conjurations


You had 4 spell levels left.
You knew the following spells:

 Your Spells              Type           Power      Damage    Failure   Level
a - Magic Dart            Conj           68%        1d6       3%          1

Your spell library contained the following spells:

 Spells                   Type           Power      Damage    Failure   Level
 Searing Ray              Conj           34%        2d5       4%          2
 Dazzling Flash           Conj/Hex       18%        N/A       22%         3
 Fulminant Prism          Conj/Hex       4%         3d6       56%         4
 Iskenderun's Mystic Bla  Conj/Tloc      9%         2d4       56%         4


Dungeon Overview and Level Annotations

Branches:
Dungeon (1/15)

Altars:


Innate Abilities, Weirdness & Mutations

Your demonic aura sometimes causes spilled blood to erupt in flames.


Message History

b - a scroll labelled BOOGGAFIWE You see here a hobgoblin corpse.
A quokka comes into view.
A quokka is nearby!
A quokka is nearby!
The magic dart hits the quokka.
The quokka is severely wounded.
The magic dart hits the quokka.
You kill the quokka!
Your Stealth skill increases to level 2!
You can't see any susceptible monsters within range! (Use Z to cast anyway.)
You can't see any susceptible monsters within range! (Use Z to cast anyway.)
Found a stone staircase leading down.
You see here a +0 club.
c - a scroll labelled ROVA BEBLOISO A giant cockroach comes into view.
A giant cockroach is nearby!
A giant cockroach is nearby!
The magic dart hits the giant cockroach.
The giant cockroach is severely wounded.
The magic dart hits the giant cockroach.
You kill the giant cockroach!
You can't see any susceptible monsters within range! (Use Z to cast anyway.)
You can't see any susceptible monsters within range! (Use Z to cast anyway.)
You see here a giant cockroach corpse.
A bat comes into view.
Found 6 stones.
A bat is nearby!
A bat is nearby!
A bat is nearby!
The magic dart hits the bat.
The bat is moderately wounded.
The magic dart hits the bat.
You kill the bat!
You have reached level 2!
Your demonic ancestry asserts itself...
Your blood heats up.
You see here 6 stones.
A kobold comes into view. It is wielding a +0 short sword.
Are you sure you want to abandon this character and quit the game? (Confirm with "yes".)

##.......#### ####8.8##
#### ##.## #.K# #.#
#..########.#
#...........###### #.#
#####.).....>.
#######.#######..#######
.......@........#.#
###.#####.#####..## #.#
#.######## #.#
#.##...... #.#
#.....#### #.# ####..#
#.# ######..#### #.#
#........... #.#
#.####..###.


You could see a kobold (asleep).

Vanquished Creatures
  A giant cockroach (D:1)
  A goblin (D:1)
  2 hobgoblins (D:1)
  A quokka (D:1)
  A bat (D:1)
  A frilled lizard (D:1)
7 creatures vanquished.

Notes
Turn   | Place    | Note
-------+----------+-------------------------------------------
     0 | D:1      | vishdafish the Demonspawn Conjurer began the quest for the
                  | Orb.
     0 | D:1      | Reached XP level 1. HP: 13/13 MP: 3/3
   261 | D:1      | Gained mutation: Your demonic aura sometimes causes spilled
                  | blood to erupt in flames. [demonic ancestry]
   261 | D:1      | Reached XP level 2. HP: 19/19 MP: 1/5
   326 | D:1      | Quit the game

Illustrated notes

Levels and vault maps discovered:
D:1:      eino_arrival_cavern_e, layout_loops_ring

Skill      XL: |  1 |
---------------+----+-----
Stealth        | 2 |  2.0
Dodging        | |  1.9
Spellcasting   | |  2.2
Conjurations   | |  4.1

Action                   || total
-------------------------++-------
Melee: Unarmed           ||     2
 Cast: Magic Dart        ||    15
  Use: Potion            ||     1
Armor: Robe              ||     2
Dodge: Dodged            ||     4
